 Dungeon Crawl Stone Soup version 0.16.2-2-g470672f (webtiles) character file.

156 CrazyArbalest the Bolt Thrower (level 5, -3/42 HPs)
             Began as a Centaur Hunter on Aug 21, 2015.
             Killed from afar by an orc (13 damage)
             ... with a wand of frost
             ... on level 3 of the Dungeon.
             The game lasted 00:10:37 (3879 turns).

CrazyArbalest the Bolt Thrower (Centaur Hunter)     Turns: 3879, Time: 00:10:37

Health: -3/42      AC:  4    Str: 14    XL:     5   Next: 14%
Magic:  4/4        EV:  9    Int: 10    God:
Gold:   112        SH:  0    Dex: 11    Spells: 0 memorised, 4 levels left

rFire  . . .     SeeInvis .     b - +1 hand crossbow
rCold  . . .     Clarity  .     d - +0 leather armour
rNeg   . . .     SustAb   .     (no shield)
rPois  .         Gourm    .     (no helmet)
rElec  .         Spirit   .     (no cloak)
rCorr  .         Warding  .     (no gloves)
rMut   .         Stasis   .     (no barding)
MR     .....                    (no amulet)
Stlth  +.........               (no ring)
                                (no ring)

@: very quick, not resistant to hostile enchantments, very unstealthy
A: hooves 3, deformed body, speed 2, tough skin 3
a: no special abilities


You were on level 3 of the Dungeon.
You were not hungry.

You visited 1 branch of the dungeon, and saw 3 of its levels.

You collected 112 gold pieces.

Inventory:

Hand weapons
 a - a +0 whip
 b - a +1 hand crossbow (weapon)
 n - a +0 whip
 t - a +0 flail
Missiles
 c - 10 bolts (quivered)
 r - 6 bolts of flame
Armour
 d - a +0 leather armour (worn)
Scrolls
 j - 2 scrolls of teleportation {unknown}
 k - a scroll of blinking {unknown}
 m - a scroll of remove curse {unknown}
 p - a scroll of fear {unknown}
Potions
 e - 2 potions of heal wounds {unknown}
 h - a potion of restore abilities {unknown}
 i - a potion of haste {unknown}
 l - a potion of brilliance {unknown}
 o - a potion of invisibility {unknown}
 s - a potion of degeneration {unknown}
Comestibles
 f - 3 bread rations
 g - a meat ration
 q - a chunk of flesh


   Skills:
 + Level 2.6 Fighting
 + Level 0.5 Maces & Flails
 * Level 5.9 Crossbows
 + Level 1.4 Armour
 + Level 1.8 Dodging
 + Level 0.6 Stealth


You had 4 spell levels left.
You didn't know any spells.

Dungeon Overview and Level Annotations

Branches:
Dungeon (3/15)

Altars:
Xom


Innate Abilities, Weirdness & Mutations

You have hooves in place of feet.
Armour fits poorly on your strangely shaped body.
You cover ground very quickly.
You have extremely tough skin (AC +3).


Message History

Wield which item (- for none, * to show all)? (? for menu, Esc to quit)
b - a +1 hand crossbow (weapon)
Firing (i - inventory. (,) - cycle):
c - 13 bolts (quivered)
Press: ? - help, Shift-Dir - straight line, f - orc
Aim: an orc, wielding a short sword of protection (severely wounded)
You shoot a bolt. The bolt closely misses the orc.
The orc shouts!
A giant gecko comes into view.
The orc zaps a wand.
The puff of frost misses you.
Firing (i - inventory. (,) - cycle):
c - 12 bolts (quivered)
Press: ? - help, Shift-Dir - straight line, f/p - orc
Aim: an orc, wielding a short sword of protection (heavily wounded)
You shoot a bolt. The bolt barely misses the orc.
Firing (i - inventory. (,) - cycle):
c - 11 bolts (quivered)
Press: ? - help, Shift-Dir - straight line, f - orc, p - orc
Aim: an orc, wielding a mace, wearing a chain mail and carrying a wand of frost {zapped: 3} You shoot a bolt.
The bolt hits the orc!
You kill the orc!
The orc zaps a wand.
The puff of frost hits you!
You die...

# ##.#.......#####..
... ......##..........
.... ##.o###.....#...#
...## ##.##..#.### .
#.?.###o(.....#
#....#.####..# .
#..)(.......## .
####.##.<.....#....#..#
........@...#..........
#........(..####.......
.###......###..........
#!.....)<>..........
##....####....##....
####.# #....# ...
.....# #... .....%#
.............


You could see an orc.

Vanquished Creatures
  5 adders
  6 worms (D:2)
  A giant gecko (D:2)
  3 oozes
  3 orcs
  2 bats
  8 giant cockroaches
  7 goblins
  8 hobgoblins
  10 jackals
  6 kobolds
  A quokka (D:2)
  4 giant newts (D:1)
  3 rats (D:1)
67 creatures vanquished.

Notes
Turn   | Place    | Note
--------------------------------------------------------------
     0 | D:1      | CrazyArbalest, the Centaur Hunter, began the quest for the Orb.
     0 | D:1      | Reached XP level 1. HP: 17/17 MP: 1/1
   267 | D:1      | Reached XP level 2. HP: 15/24 MP: 2/2
   396 | D:1      | Reached skill level 5 in Crossbows
  1310 | D:2      | Found a shimmering altar of Xom.
  1336 | D:2      | Reached XP level 3. HP: 24/29 MP: 3/3
  2126 | D:2      | Reached skill level 1 in Armour
  2126 | D:2      | Reached XP level 4. HP: 35/37 MP: 3/3
  3153 | D:3      | Reached XP level 5. HP: 24/42 MP: 4/4
  3879 | D:3      | Killed from afar by an orc

Action                   |  1- 3 |  4- 6 || total
-------------------------+-------+-------++-------
Melee: Short sword       |    54 |       ||    54
       Whip              |    83 |   171 ||   254
 Fire: Hand crossbow     |    24 |    16 ||    40
  Eat: Chunk             |     3 |     5 ||     8
